[Event "Titled Tuesday Blitz October 31 Early 2023"]
[White "kushbhagat2009"]
[Black "Ziatdinov, Raset"]
[BlackFideId "2015323"]
[WhiteElo "2630"]
[BlackElo "2448"]
[Result "0-1"]
[Round "10"]
[TimeControl "180+1"]
[Date "2023.10.31"]
[WhiteClock "0:01:02"]
[BlackClock "0:01:51"]
[Board "60"]

1. d4 Nf6 2. Bf4 g6 3. e3 Bg7 4. Nf3 d5 5. Be2 O-O 6. Ne5 b6 7. h4 h5 8. g4 Nxg4 9. Bxg4 Bxg4 10. Nxg4 hxg4 11. Qxg4 Qd7 12. Qg3 c5 13. h5 Qf5 14. hxg6 fxg6 15. c3 Nc6 16. Nd2 cxd4 17. O-O-O dxc3 18. bxc3 Nb4 19. cxb4 Rac8+ 20. Bc7 Rxc7+ 21. Qxc7 Rc8 22. Qxc8+ Qxc8+ 23. Kb1 Qc3 0-1


[Site "https://www.chess.com"]

[Event "Titled Tuesday Blitz October 31 Early 2023"]
[White "Fernandez, Michael"]
[Black "NelsonLinda"]
[WhiteFideId "5803560"]
[WhiteElo "2425"]
[BlackElo "2618"]
[Result "1/2-1/2"]
[Round "10"]
[TimeControl "180+1"]
[Date "2023.10.31"]
[WhiteClock "0:00:29"]
[BlackClock "0:01:07"]
[Board "61"]

1. e4 g6 2. d4 c6 3. Nf3 d5 4. e5 Bg4 5. Be3 Bxf3 6. Qxf3 e6 7. Bd3 h5 8. O-O Nh6 9. c4 Nf5 10. cxd5 cxd5 11. Nc3 Nc6 12. Bb5 Rc8 13. Rfd1 a6 14. Ba4 Be7 15. Rac1 Kf8 16. Ne2 b5 17. Bc2 Nxe3 18. fxe3 Kg7 19. Rf1 Qe8 20. e4 Nb4 21. Bb1 Rxc1 22. Rxc1 Qd7 23. a3 dxe4 24. Bxe4 Nd5 25. Bxd5 exd5 26. Nc3 Rd8 1/2-1/2


[Site "https://www.chess.com"]

[Event "Titled Tuesday Blitz October 31 Early 2023"]
[White "Haitin, Ilja"]
[Black "Bodnaruk, Anastasia"]
[WhiteFideId "4501764"]
[BlackFideId "4181751"]
[WhiteElo "2427"]
[BlackElo "2618"]
[Result "1-0"]
[Round "10"]
[TimeControl "180+1"]
[Date "2023.10.31"]
[WhiteClock "0:00:02"]
[BlackClock "0:00:07"]
[Board "62"]

1. Nf3 Nf6 2. g3 g6 3. b3 Bg7 4. Bb2 d6 5. d4 c5 6. Bg2 O-O 7. c4 Ne4 8. O-O Nc6 9. Nbd2 Nxd2 10. Qxd2 cxd4 11. Nxd4 Bd7 12. Rad1 Rc8 13. Nf3 Bxb2 14. Qxb2 Qa5 15. Rd5 Qb6 16. Qd2 Nb4 17. Rd4 Rfd8 18. Qh6 d5 19. Rh4 Qf6 20. Qxh7+ Kf8 21. Ng5 Qg7 22. Qxg7+ Kxg7 23. cxd5 Nxa2 24. Rf4 f6 25. Ne6+ Bxe6 26. dxe6 Rc2 27. Ra4 Rxe2 28. Rxa7 Nc3 29. Rxb7 Rxe6 30. Bh3 f5 31. Kg2 Ne2 32. Ra1 Rd2 33. Raa7 Kf6 34. g4 Nf4+ 35. Kg3 Rd3+ 36. f3 Re2 37. Kxf4 e5+ 38. Kg3 f4+ 39. Kh4 Rd6 40. g5# 1-0


[Site "https://www.chess.com"]

[Event "Titled Tuesday Blitz October 31 Early 2023"]
[White "Topalov, Aleksandar"]
[Black "Ahmad, Khagan"]
[WhiteFideId "925659"]
[BlackFideId "13431552"]
[WhiteElo "2282"]
[BlackElo "2614"]
[Result "0-1"]
[Round "10"]
[TimeControl "180+1"]
[Date "2023.10.31"]
[WhiteClock "0:00:01"]
[BlackClock "0:00:05"]
[Board "63"]

1. b3 Nc6 2. Bb2 e5 3. e3 a6 4. c4 Nf6 5. Nf3 d6 6. d4 exd4 7. Nxd4 Nxd4 8. Qxd4 Be7 9. Nc3 Be6 10. Be2 c5 11. Qd2 d5 12. cxd5 Nxd5 13. Rd1 Nb4 14. Qc1 Qa5 15. O-O Nxa2 16. Nxa2 Qxa2 17. Bxg7 Rg8 18. Be5 Qxb3 19. Bf3 Bg4 20. Bd5 Qb6 21. f3 Be6 22. Be4 f5 23. Bd5 Bxd5 24. Rxd5 Qe6 25. e4 fxe4 26. fxe4 Rd8 27. Rfd1 Rxd5 28. Rxd5 Qg4 29. Qd2 Qxe4 30. Bc7 Qb1+ 31. Kf2 Rf8+ 32. Kg3 Qg6+ 33. Kh3 Qe6+ 34. Kg3 Rg8+ 35. Kf2 Rf8+ 36. Kg1 Qf6 37. Qe2 Qa1+ 38. Rd1 Qf6 39. Bd6 Rf7 40. Bg3 Kf8 41. h3 Qg6 42. Kh2 Rg7 43. Rf1+ Kg8 44. Rf3 h5 45. Qa2+ Kh7 46. Qc4 h4 47. Qg4 Qxg4 48. hxg4 hxg3+ 49. Kxg3 Bd6+ 50. Kh4 Rc7 51. g5 c4 52. Kh5 c3 53. g6+ Kg7 54. Rxc3 Rxc3 0-1


[Site "https://www.chess.com"]

[Event "Titled Tuesday Blitz October 31 Early 2023"]
[White "Joshi, Pankaj"]
[Black "Devaev, Alexander"]
[WhiteFideId "5006210"]
[BlackFideId "4169395"]
[WhiteElo "2228"]
[BlackElo "2475"]
[Result "1-0"]
[Round "10"]
[TimeControl "180+1"]
[Date "2023.10.31"]
[WhiteClock "0:00:56"]
[BlackClock "0:00:00"]
[Board "64"]

1. e4 c6 2. c4 d5 3. cxd5 cxd5 4. exd5 Qxd5 5. Nc3 Qd6 6. Nf3 e6 7. d4 Nf6 8. Nb5 Qb6 9. Bf4 Nd5 10. Bxb8 Rxb8 11. Qa4 Bb4+ 12. Nd2 a6 13. Nc3+ Bd7 14. Qb3 Bxc3 15. bxc3 Qxb3 16. Nxb3 Nxc3 17. Kd2 Ne4+ 18. Ke3 Bc6 19. Rc1 Bd5 20. f3 Nd6 21. Bd3 O-O 22. Rc7 Rfd8 23. Rhc1 Rdc8 24. Kf4 f6 25. Ke3 h6 26. R7c5 Kf8 27. Be4 Bxe4 28. fxe4 Ke8 29. Rb1 Nb5 30. a4 Nc3 31. Rc1 1-0


[Site "https://www.chess.com"]

[Event "Titled Tuesday Blitz October 31 Early 2023"]
[White "Rustemov, Alexander"]
[Black "Matthes, Aaron"]
[WhiteFideId "4119002"]
[BlackFideId "16227310"]
[WhiteElo "2871"]
[BlackElo "2348"]
[Result "1-0"]
[Round "10"]
[TimeControl "180+1"]
[Date "2023.10.31"]
[WhiteClock "0:01:37"]
[BlackClock "0:01:23"]
[Board "65"]

1. d4 d5 2. c4 e6 3. Nc3 Nf6 4. Nf3 dxc4 5. e3 a6 6. a4 c5 7. Bxc4 cxd4 8. exd4 Be7 9. O-O O-O 10. Qe2 b6 11. Bg5 Bb7 12. Rad1 Nbd7 13. Ne5 h6 14. Bxf6 Nxf6 15. Nxf7 Rxf7 16. Qxe6 Qf8 17. Rfe1 Re8 18. Qxb6 Bc8 19. Qb3 Ng4 20. f3 Nf6 21. Re2 Bd6 22. Rde1 Rxe2 23. Rxe2 a5 24. Ne4 Bb4 25. Nxf6+ gxf6 26. Bxf7+ Qxf7 27. Re8+ 1-0


[Site "https://www.chess.com"]

[Event "Titled Tuesday Blitz October 31 Early 2023"]
[White "Kotlyar, Kirill"]
[Black "Sharapov, Evgeny"]
[WhiteFideId "24145599"]
[BlackFideId "14103133"]
[WhiteElo "2496"]
[BlackElo "2655"]
[Result "1-0"]
[Round "10"]
[TimeControl "180+1"]
[Date "2023.10.31"]
[WhiteClock "0:00:13"]
[BlackClock "0:00:00"]
[Board "66"]

1. d4 Nf6 2. c3 d5 3. Bf4 c6 4. Nd2 Bf5 5. Qb3 Qb6 6. e3 e6 7. h3 Nbd7 8. Ngf3 Ne4 9. Nh4 Nxd2 10. Kxd2 Bg6 11. Nxg6 hxg6 12. f3 Be7 13. Bd3 c5 14. Qxb6 Nxb6 15. Bb5+ Kf8 16. Be2 f6 17. g4 Kf7 18. h4 Rac8 19. b3 a6 20. a4 Nd7 21. Bg3 e5 22. Bd3 exd4 23. exd4 cxd4 24. cxd4 Nf8 25. Rac1 Ne6 26. h5 gxh5 27. gxh5 Nxd4 28. Bg6+ Ke6 29. Rxc8 Rxc8 30. Kd3 Nxf3 31. Rf1 Ne5+ 32. Bxe5 Kxe5 33. Re1+ Kd6 34. Bf5 Rc7 35. b4 Kc6 36. Rc1+ Kd6 37. Re1 Rc4 38. Re6+ Kd7 39. Rxa6+ Kc7 40. Re6 Bxb4 41. Re8 Rf4 42. Bg6 Rf3+ 43. Ke2 Ra3 44. Rg8 Ra2+ 45. Kd3 Ra3+ 46. Kd4 Bc3+ 47. Kxd5 f5 48. Bxf5 Bf6 49. Rc8+ Kb6 50. Ra8 Ra1 51. Ke6 Re1+ 52. Kf7 1-0


[Site "https://www.chess.com"]

[Event "Titled Tuesday Blitz October 31 Early 2023"]
[White "MFatigue"]
[Black "Gontcharov, Vladislav"]
[BlackFideId "4123492"]
[WhiteElo "2496"]
[BlackElo "2576"]
[Result "0-1"]
[Round "10"]
[TimeControl "180+1"]
[Date "2023.10.31"]
[WhiteClock "0:00:49"]
[BlackClock "0:01:22"]
[Board "67"]

1. e4 e6 2. d4 d5 3. Nc3 Nc6 4. Nf3 Nf6 5. Bd3 Bb4 6. e5 Ne4 7. Bd2 Nxd2 8. Qxd2 Be7 9. O-O a6 10. Ne2 Nb4 11. c3 Nxd3 12. Qxd3 c5 13. c4 cxd4 14. Nexd4 O-O 15. Rfd1 dxc4 16. Qxc4 Bd7 17. a4 Rc8 18. Qb3 Qc7 19. h3 Rfd8 20. Qe3 Be8 21. Qf4 h6 22. b3 Rd5 23. Rac1 Qd8 24. Rxc8 Qxc8 25. Rc1 Qd8 26. g4 Bg5 27. Nxg5 hxg5 0-1


[Site "https://www.chess.com"]

[Event "Titled Tuesday Blitz October 31 Early 2023"]
[White "Pinero Rodriguez, Carlos Jose"]
[Black "borocotoajua"]
[WhiteFideId "3901726"]
[WhiteElo "2495"]
[BlackElo "2568"]
[Result "0-1"]
[Round "10"]
[TimeControl "180+1"]
[Date "2023.10.31"]
[WhiteClock "0:00:11"]
[BlackClock "0:00:19"]
[Board "68"]

1. e4 c6 2. Nc3 d5 3. Qf3 d4 4. Bc4 e6 5. Nce2 Nd7 6. Qg3 h5 7. h4 Ngf6 8. d3 b5 9. Bb3 Nc5 10. Bg5 Qa5+ 11. Bd2 Qb6 12. Nf3 a5 13. a3 Nxb3 14. cxb3 c5 15. O-O Bb7 16. Rfc1 Ng4 17. Nh2 Bd6 18. Bf4 e5 19. Bd2 Bc8 20. Nxg4 hxg4 21. b4 axb4 22. axb4 Rxa1 23. Rxa1 c4 24. Ra8 O-O 25. h5 Qb7 26. Ra5 Be6 27. Nxd4 Bc7 28. Nxe6 fxe6 29. Ra1 Bb6 30. Rf1 cxd3 31. Qxg4 Qf7 32. Kh2 Bxf2 33. Kh3 Qa7 34. Qxe6+ Kh8 35. h6 Rf6 36. Qxe5 Qd7+ 37. g4 Rf3+ 38. Kg2 Qxg4+ 0-1


[Site "https://www.chess.com"]

[Event "Titled Tuesday Blitz October 31 Early 2023"]
[White "Ergali_Suleimen"]
[Black "Panda Sambit"]
[BlackFideId "25091794"]
[WhiteElo "2560"]
[BlackElo "2486"]
[Result "0-1"]
[Round "10"]
[TimeControl "180+1"]
[Date "2023.10.31"]
[WhiteClock "0:00:00"]
[BlackClock "0:00:05"]
[Board "69"]

1. e4 c6 2. d4 d5 3. Nd2 dxe4 4. Nxe4 Nf6 5. Nxf6+ exf6 6. Nf3 Bd6 7. Bd3 O-O 8. O-O Re8 9. c3 Bg4 10. h3 Bh5 11. Bf5 Nd7 12. Qd3 Nf8 13. Bd2 Bg6 14. Rfe1 Qa5 15. Nh4 Rxe1+ 16. Bxe1 Rd8 17. Nxg6 hxg6 18. Be4 f5 19. Bf3 Ne6 20. a3 Nf4 21. Qc2 Bb8 22. h4 Qc7 23. g3 Ne6 24. Bd2 f4 25. g4 Qe7 26. g5 Kh7 27. Kg2 f6 28. Rh1 f5 29. Re1 Qd7 30. Qb3 Re8 31. Qc4 Nc7 32. Rxe8 Nxe8 33. a4 Nd6 34. Qe2 Ne4 35. Bc1 a6 36. Bxe4 fxe4 37. Qxe4 Qg4+ 38. Kf1 Qxh4 39. Ke2 Qxg5 40. Bd2 Qg4+ 41. f3 Qg2+ 42. Kd3 Qf1+ 43. Kc2 Qa1 44. Kb3 b5 45. axb5 axb5 46. Kc2 Qa4+ 47. Kc1 Qa1+ 48. Kc2 Qa4+ 49. Kc1 Qc4 50. Bxf4 Qf1+ 51. Kc2 Bxf4 52. Qxf4 Qe2+ 53. Kb3 Qc4+ 54. Kc2 Qe2+ 55. Qd2 Qxf3 56. Qh2+ Kg8 57. Qb8+ Kh7 58. Qh2+ Qh5 59. Qd6 Qf5+ 60. Kc1 Qf1+ 61. Kc2 Qe2+ 62. Kb3 Qc4+ 63. Kc2 Qd5 64. Qh2+ Qh5 65. Qc7 Qf5+ 66. Kb3 Qd5+ 67. Kc2 g5 68. Qh2+ Kg6 69. Qe2 Qf5+ 70. Kb3 g4 71. c4 bxc4+ 72. Kxc4 Qb5+ 0-1


[Site "https://www.chess.com"]

[Event "Titled Tuesday Blitz October 31 Early 2023"]
[White "Brown, Andrew"]
[Black "Deuterio010"]
[WhiteFideId "3206513"]
[WhiteElo "2550"]
[BlackElo "2461"]
[Result "0-1"]
[Round "10"]
[TimeControl "180+1"]
[Date "2023.10.31"]
[WhiteClock "0:00:01"]
[BlackClock "0:00:53"]
[Board "70"]

1. d4 d5 2. Nf3 Nf6 3. c4 dxc4 4. Nc3 a6 5. a4 e6 6. e4 Bb4 7. e5 Nd5 8. Bd2 c5 9. Bxc4 cxd4 10. Nxd5 exd5 11. Bxb4 dxc4 12. Nxd4 Nc6 13. Nxc6 Qxd1+ 14. Rxd1 bxc6 15. O-O Be6 16. f4 g6 17. h3 h5 18. Rd6 Bd5 19. f5 gxf5 20. Rxf5 h4 21. Rdf6 Rb8 22. Ba3 Rb3 23. Rf2 Rg8 24. Kh2 Rbg3 25. R6f3 Bxf3 26. gxf3 Rg1 27. f4 Ra1 28. a5 Rgg1 29. Rc2 Rh1+ 30. Kg2 Rag1+ 31. Kf2 Rh2+ 32. Kxg1 Rxc2 33. f5 Kd7 34. Kh1 Re2 35. e6+ fxe6 36. f6 Rf2 37. Be7 Ke8 38. Kg1 Rxb2 39. Bc5 c3 40. Bd4 Rb1+ 41. Kf2 c2 0-1


[Site "https://www.chess.com"]

[Event "Titled Tuesday Blitz October 31 Early 2023"]
[White "Matveeva, Olga"]
[Black "Goltseva, Ekaterina"]
[WhiteFideId "24107018"]
[BlackFideId "24173770"]
[WhiteElo "2426"]
[BlackElo "2540"]
[Result "0-1"]
[Round "10"]
[TimeControl "180+1"]
[Date "2023.10.31"]
[WhiteClock "0:00:00"]
[BlackClock "0:00:23"]
[Board "71"]

1. d4 Nf6 2. c4 e6 3. g3 Bb4+ 4. Bd2 Be7 5. Bg2 d5 6. Nf3 O-O 7. O-O Nbd7 8. Qc2 c6 9. Rd1 Ne4 10. Bf4 f5 11. Nc3 g5 12. Be5 g4 13. Ne1 Nxe5 14. dxe5 Qe8 15. cxd5 exd5 16. Nd3 Be6 17. Nf4 Bd8 18. e3 Bf7 19. Nxe4 fxe4 20. Qc3 Bc7 21. e6 Bxe6 22. Nxe6 Qxe6 23. b4 Be5 24. Qc5 Bxa1 25. Rxa1 Qf6 26. Rf1 b6 27. Qc2 Rac8 28. Rd1 h5 29. Bf1 Qe5 30. Ba6 Rc7 31. a4 Kg7 32. a5 Rf6 33. axb6 axb6 34. Bf1 Rcf7 35. Rd2 Qd6 36. Qb2 Kg6 37. b5 c5 38. Bc4 Rf5 39. Qh8 Rf8 40. Qb2 Qe6 41. Bf1 h4 42. Qa2 Qf6 43. Bg2 h3 44. Bf1 d4 45. exd4 e3 46. Rc2 Rxf2 47. Bd3+ Kh6 48. Qa7 Rf1+ 0-1


[Site "https://www.chess.com"]

[Event "Titled Tuesday Blitz October 31 Early 2023"]
[White "chess123456s"]
[Black "crazy_m_attack"]
[WhiteElo "2536"]
[BlackElo "2432"]
[Result "0-1"]
[Round "10"]
[TimeControl "180+1"]
[Date "2023.10.31"]
[WhiteClock "0:00:40"]
[BlackClock "0:00:13"]
[Board "72"]

1. Nf3 Nf6 2. c4 e6 3. g3 d5 4. Bg2 Be7 5. O-O O-O 6. b3 d4 7. Bb2 c5 8. e3 Nc6 9. exd4 cxd4 10. d3 e5 11. Re1 Bd6 12. Na3 a6 13. Nc2 Re8 14. Qd2 h6 15. b4 a5 16. c5 Bc7 17. b5 Nb4 18. Nxb4 axb4 19. b6 Bb8 20. Qxb4 Nd5 21. Qd2 f6 22. Nxd4 Ne7 23. Nb3 Nc6 24. Nd4 exd4 25. Rxe8+ Qxe8 26. Bxc6 Qxc6 27. Bxd4 Be5 28. Bxe5 fxe5 29. Qe3 Bh3 30. f3 Rf8 31. Kf2 Bg4 32. f4 exf4 33. gxf4 Qf6 34. Re1 Bd7 35. Kg1 Qxf4 36. Qxf4 Rxf4 37. Re7 Bc6 38. Rc7 Rd4 39. Kf2 Rxd3 40. a4 Ra3 41. Rc8+ Kh7 42. Ra8 Rxa4 43. Ra7 Rc4 44. Ra5 Rc2+ 45. Ke3 Rxh2 46. Kd4 Rd2+ 47. Ke5 h5 48. Ke6 h4 49. Ra4 Bxa4 50. c6 Bxc6 0-1


[Site "https://www.chess.com"]

[Event "Titled Tuesday Blitz October 31 Early 2023"]
[White "Hoffmann, Asa"]
[Black "Shubenkova, Veronika"]
[WhiteFideId "2001470"]
[BlackFideId "44124040"]
[WhiteElo "2407"]
[BlackElo "2533"]
[Result "0-1"]
[Round "10"]
[TimeControl "180+1"]
[Date "2023.10.31"]
[WhiteClock "0:01:37"]
[BlackClock "0:00:55"]
[Board "73"]

1. d4 d5 2. Bg5 h6 3. Bh4 g5 4. Bg3 Bg7 5. e3 Nf6 6. c4 c6 7. Nc3 Bf5 8. Nf3 Nbd7 9. Ne5 Nxe5 10. Bxe5 O-O 11. h4 g4 12. Be2 h5 13. Qb3 Qd7 14. f3 Be6 15. O-O-O dxc4 16. Bxc4 Bxc4 17. Qxc4 b5 18. Qd3 a5 19. Kb1 a4 20. Ne4 Nxe4 21. Qxe4 f5 22. Qf4 a3 23. b3 e6 24. Rc1 Rac8 25. Rc5 Rf7 26. Rhc1 Bxe5 27. Rxe5 Rg7 28. e4 Qxd4 29. Rc2 gxf3 0-1


[Site "https://www.chess.com"]

[Event "Titled Tuesday Blitz October 31 Early 2023"]
[White "Yaksin, Oleg"]
[Black "Seresin, Francesco"]
[WhiteFideId "24105880"]
[BlackFideId "886335"]
[WhiteElo "2533"]
[BlackElo "2402"]
[Result "1-0"]
[Round "10"]
[TimeControl "180+1"]
[Date "2023.10.31"]
[WhiteClock "0:00:04"]
[BlackClock "0:00:02"]
[Board "74"]

1. d4 Nf6 2. c4 e6 3. g3 d5 4. Nf3 Bb4+ 5. Bd2 Be7 6. Bg2 O-O 7. O-O c6 8. Qc2 Nbd7 9. Bf4 Ne4 10. Rd1 f5 11. Nc3 g5 12. Be3 h6 13. Ne5 Bf6 14. f4 Kg7 15. Kh1 Qe7 16. Rab1 h5 17. Nxe4 fxe4 18. Qd2 g4 19. b4 Nb6 20. c5 Bxe5 21. dxe5 Nc4 22. Qc3 Nxe3 23. Qxe3 Bd7 24. a4 a6 25. Qd4 h4 26. Bxe4 Rh8 27. Kg1 Raf8 28. Bg2 Be8 29. e4 Bg6 30. Rb3 Rh5 31. f5 exf5 32. exd5 cxd5 33. Qxd5 h3 34. Qxb7 Rf7 35. Qxe7 Rxe7 36. Bd5 Rxe5 37. c6 f4 38. c7 Rxd5 39. Rxd5 Rxd5 40. c8=Q Rd1+ 41. Kf2 Rd2+ 42. Ke1 Rxh2 43. Rc3 Rh1+ 44. Kf2 fxg3+ 45. Kxg3 Rg1+ 46. Kh4 h2 47. Rc7+ Bf7 48. Rxf7+ Kxf7 49. Qf5+ Ke8 50. Qe5+ Kd8 51. Qxh2 Rd1 52. Qf4 Rd7 53. Kxg4 Kc8 54. Qe4 Kc7 55. Kf3 Kd6 56. Qd4+ Kc6 57. Qc5+ Kb7 58. Ke4 Rc7 59. Qd5+ Rc6 60. Ke5 Kb6 61. Qd4+ Kb7 62. b5 axb5 63. axb5 Rc7 64. Qd6 Rh7 65. Qc6+ Ka7 66. Kd5 Rb7 67. Kc5 Kb8 68. b6 Rf7 69. Qe8+ 1-0


[Site "https://www.chess.com"]

[Event "Titled Tuesday Blitz October 31 Early 2023"]
[White "Girinath, P.D.S."]
[Black "sjoerd893"]
[WhiteFideId "5000572"]
[WhiteElo "2379"]
[BlackElo "2528"]
[Result "0-1"]
[Round "10"]
[TimeControl "180+1"]
[Date "2023.10.31"]
[WhiteClock "0:00:00"]
[BlackClock "0:00:05"]
[Board "75"]

1. e4 c5 2. Nf3 Nc6 3. Bb5 g6 4. O-O Bg7 5. c3 Nf6 6. Re1 O-O 7. h3 d6 8. d4 cxd4 9. cxd4 Ne8 10. Nc3 Nc7 11. Bf1 a6 12. a4 b6 13. Be3 d5 14. e5 Bb7 15. Qd2 Qd7 16. Bh6 Ne6 17. Bxg7 Kxg7 18. h4 Rac8 19. g3 Na5 20. Rad1 Nc4 21. Qc1 b5 22. axb5 axb5 23. b4 Ra8 24. Bh3 Qc6 25. Rd3 Nc7 26. h5 Bc8 27. Bxc8 Rfxc8 28. h6+ Kg8 29. Ng5 Ne6 30. Nxe6 Qxe6 31. Qf4 Nb2 32. Rf3 Ra3 33. Kg2 Raxc3 34. Ra1 Rxf3 35. Qxf3 Nc4 36. Ra7 f6 37. exf6 exf6 38. Rg7+ Kh8 39. Qf4 Qe4+ 40. Qxe4 dxe4 41. f3 exf3+ 42. Kxf3 Nd6 43. Ke3 Nf5+ 0-1


[Site "https://www.chess.com"]

[Event "Titled Tuesday Blitz October 31 Early 2023"]
[White "Lehtosaari, Mauri"]
[Black "LiadCuba"]
[WhiteFideId "501999"]
[WhiteElo "2508"]
[BlackElo "2375"]
[Result "0-1"]
[Round "10"]
[TimeControl "180+1"]
[Date "2023.10.31"]
[WhiteClock "0:00:00"]
[BlackClock "0:00:57"]
[Board "76"]

1. d4 d5 2. Nf3 Nf6 3. Bg5 e6 4. e3 Be7 5. Bd3 h6 6. Bh4 c5 7. c3 O-O 8. Nbd2 b6 9. Ne5 Nfd7 10. Bg3 Nxe5 11. Bxe5 Ba6 12. Bxa6 Nxa6 13. O-O Bd6 14. f4 f6 15. Bxd6 Qxd6 16. Qg4 Rae8 17. Nf3 b5 18. a3 Nc7 19. Kh1 a5 20. h3 Re7 21. Nh4 Rb8 22. f5 e5 23. Ng6 Rf7 24. Qg3 Re8 25. Rad1 c4 26. Rd2 b4 27. Rfd1 bxc3 28. dxe5 fxe5 29. bxc3 Qxa3 30. Rc2 Rxf5 31. h4 Qd6 32. Qg4 Qf6 33. h5 Rg5 34. Qh3 Ne6 35. Rb1 Nc5 36. Ra2 Ne4 37. Kh2 Ng3 38. Kg1 Nxh5 39. Qd7 Qxg6 40. Rb7 Nf6 0-1


[Site "https://www.chess.com"]

[Event "Titled Tuesday Blitz October 31 Early 2023"]
[White "Reprintsev, Alexander"]
[Black "Jakubowski, Krzysztof"]
[WhiteFideId "14100541"]
[BlackFideId "1112848"]
[WhiteElo "2506"]
[BlackElo "2653"]
[Result "0-1"]
[Round "10"]
[TimeControl "180+1"]
[Date "2023.10.31"]
[WhiteClock "0:00:50"]
[BlackClock "0:01:15"]
[Board "77"]

1. e4 c5 2. b3 Nf6 3. e5 Nd5 4. Nc3 Nxc3 5. dxc3 Nc6 6. Nf3 d5 7. exd6 Qxd6 8. Qxd6 exd6 9. Bf4 Bf5 10. O-O-O O-O-O 11. Bc4 Rd7 12. Rhe1 h6 13. Re8+ Kc7 14. Bxd6+ Rxd6 15. Rxd6 Kxd6 16. Bxf7 g5 17. Nd2 Bg7 18. Nc4+ Kc7 19. Re3 b5 20. Nd2 Rd8 21. h3 b4 22. cxb4 Nxb4 23. g4 Nxa2+ 24. Kd1 Bh7 25. Ke1 Bc3 26. Re7+ Kb6 27. Re6+ Ka5 28. Re2 Nc1 0-1


[Site "https://www.chess.com"]

[Event "Titled Tuesday Blitz October 31 Early 2023"]
[White "Polaczek, Richard"]
[Black "Ginzburg, Yakov"]
[WhiteFideId "200026"]
[BlackFideId "4157176"]
[WhiteElo "2422"]
[BlackElo "2599"]
[Result "0-1"]
[Round "10"]
[TimeControl "180+1"]
[Date "2023.10.31"]
[WhiteClock "0:00:07"]
[BlackClock "0:00:16"]
[Board "79"]

1. d4 d5 2. c4 c6 3. Nc3 Nf6 4. cxd5 cxd5 5. Bf4 Nc6 6. e3 e6 7. Rc1 a6 8. Nf3 Bd6 9. Bg3 O-O 10. Bd3 Re8 11. O-O e5 12. dxe5 Nxe5 13. Nxe5 Bxe5 14. Bxe5 Rxe5 15. Be2 Bd7 16. Qd4 Rg5 17. Rfd1 Qe7 18. Bf3 Bc6 19. Ne2 Re8 20. Nf4 h6 21. g3 Rf5 22. Bg2 h5 23. h4 g5 24. hxg5 Rxg5 25. Qc5 Qe5 26. Rd4 Ng4 27. Nxd5 Nxf2 28. Ne7+ Rxe7 29. Qxe5 Rgxe5 30. Kxf2 Bxg2 31. Kxg2 Rxe3 32. Rc5 Re2+ 33. Kh3 R7e5 34. Rxe5 Rxe5 35. a4 Kg7 36. Rd6 Re6 37. Rd5 Kg6 38. a5 Re4 39. Rc5 Rb4 40. Rc2 Rb5 41. Rd2 Rxa5 42. Rd7 Rb5 43. Rd2 f6 0-1


[Site "https://www.chess.com"]

[Event "Titled Tuesday Blitz October 31 Early 2023"]
[White "Kostiukov, Alexandr"]
[Black "Karamsetty, Jeevan"]
[WhiteFideId "14108100"]
[BlackFideId "2025337"]
[WhiteElo "2416"]
[BlackElo "2596"]
[Result "1-0"]
[Round "10"]
[TimeControl "180+1"]
[Date "2023.10.31"]
[WhiteClock "0:00:06"]
[BlackClock "0:00:21"]
[Board "80"]

1. g3 e5 2. Bg2 d5 3. c4 c6 4. cxd5 cxd5 5. d4 e4 6. Nc3 Nf6 7. Bg5 Bb4 8. Nh3 Nc6 9. O-O Bxc3 10. bxc3 h6 11. Bxf6 Qxf6 12. Nf4 Be6 13. Qb3 Ne7 14. Qxb7 O-O 15. Rab1 Rfc8 16. Rfc1 Rab8 17. Qxb8 Rxb8 18. Rxb8+ Kh7 19. Rcb1 Bf5 20. e3 g5 21. Ne2 Bg4 22. Kf1 Qa6 23. R1b2 Qd3 24. Ke1 Bxe2 25. Rxe2 Qxc3+ 26. Rd2 Nc6 27. Rb3 Qc1+ 28. Rd1 Qc4 29. Bf1 Qa4 30. Rb2 Nb4 31. Rdb1 a5 32. Be2 Qc6 33. Kd2 Qf6 34. Ke1 Qc6 35. a3 Nc2+ 36. Kd2 Nxa3 37. Rc1 Qa4 38. Rc7 Kg6 39. Rbb7 Nb1+ 40. Ke1 Qa1 41. Rc1 Qa2 42. Rbxb1 h5 43. h3 Qa3 44. Kf1 h4 45. gxh4 gxh4 46. Kg2 Qe7 47. Bg4 Qd6 48. Rb2 a4 49. Rcb1 a3 50. Rb6 Qf6 51. Rxf6+ Kxf6 52. Ra1 a2 53. Rxa2 Kg5 54. Ra5 f6 55. Rxd5+ Kg6 56. Rf5 Kg7 57. f3 Kg6 58. fxe4 Kf7 59. Kf3 Ke6 60. Kf4 Ke7 61. e5 Kf7 62. exf6 Kg6 63. f7 Kh6 64. f8=Q+ Kh7 65. Rh5+ Kg6 66. Rh6# 1-0


[Site "https://www.chess.com"]

[Event "Titled Tuesday Blitz October 31 Early 2023"]
[White "Prieto Aranguren, Alain"]
[Black "Kim, Sergey"]
[WhiteFideId "2268906"]
[BlackFideId "13700570"]
[WhiteElo "2415"]
[BlackElo "2583"]
[Result "1-0"]
[Round "10"]
[TimeControl "180+1"]
[Date "2023.10.31"]
[WhiteClock "0:00:26"]
[BlackClock "0:00:07"]
[Board "81"]

1. e4 e5 2. Nf3 Nc6 3. d4 exd4 4. Bc4 Nf6 5. O-O Nxe4 6. Re1 d5 7. Bxd5 Qxd5 8. Nc3 Qa5 9. Nxe4 Be6 10. Bg5 Qd5 11. c4 Qf5 12. Nh4 Qa5 13. a3 Be7 14. b4 Qb6 15. b5 Nd8 16. Bxe7 Kxe7 17. a4 c5 18. Qh5 Rc8 19. Ng5 g6 20. Qh6 Re8 21. Qxh7 Kd7 22. Nxg6 Qd6 23. Ne4 Qc7 24. Nf6+ Kd6 25. Nxe8+ 1-0


[Site "https://www.chess.com"]

[Event "Titled Tuesday Blitz October 31 Early 2023"]
[White "Jaskolka, Tomasz"]
[Black "Tsyhanchuk, Stanislav"]
[WhiteFideId "1170791"]
[BlackFideId "13505130"]
[WhiteElo "2562"]
[BlackElo "2411"]
[Result "1-0"]
[Round "10"]
[TimeControl "180+1"]
[Date "2023.10.31"]
[WhiteClock "0:00:06"]
[BlackClock "0:00:01"]
[Board "82"]

1. e4 c5 2. Nf3 Nc6 3. b4 cxb4 4. d4 d5 5. exd5 Qxd5 6. c4 bxc3 7. Nxc3 Qa5 8. Rb1 Qxc3+ 9. Bd2 Qa3 10. d5 Bg4 11. dxc6 bxc6 12. Rb3 Qd6 13. Qc2 Nf6 14. Rc3 Bd7 15. Bc4 e6 16. O-O Be7 17. Re1 Nd5 18. Rd3 O-O 19. Ne5 Bf6 20. Rh3 g6 21. Ng4 Bg7 22. Bh6 f5 23. Bxg7 Kxg7 24. Ne5 Rad8 25. Qd2 h5 26. Qg5 Ne7 27. Rxh5 Rh8 28. Rxh8 Rxh8 29. h4 Rh5 30. Qg3 f4 31. Qc3 Kh7 32. Ng4 Rf5 33. Nf6+ Kh6 34. Ne8 Bxe8 35. Qh8# 1-0


[Site "https://www.chess.com"]

[Event "Titled Tuesday Blitz October 31 Early 2023"]
[White "La Villa Rivas, Marlon Javier"]
[Black "Golubev, Mikhail"]
[WhiteFideId "3519546"]
[BlackFideId "14100983"]
[WhiteElo "2408"]
[BlackElo "2540"]
[Result "0-1"]
[Round "10"]
[TimeControl "180+1"]
[Date "2023.10.31"]
[WhiteClock "0:01:28"]
[BlackClock "0:00:38"]
[Board "83"]

1. e4 c5 2. Nf3 d6 3. d4 Nf6 4. Nc3 cxd4 5. Nxd4 g6 6. Be3 Bg7 7. f3 Nc6 8. Qd2 O-O 9. Bc4 Nxd4 10. Bxd4 Be6 11. Bxe6 fxe6 12. h4 Qa5 13. O-O-O Rac8 14. h5 Nxh5 15. Bxg7 Kxg7 16. g4 Nf4 17. Qh2 h5 18. gxh5 Qxh5 19. Qg3 Qe5 20. Rdg1 Rxc3 21. Qh4 Ne2+ 22. Kb1 Nxg1 23. bxc3 Ne2 24. Qh7+ Kf6 25. Qh6 Nxc3+ 26. Kc1 Qg5+ 27. Qxg5+ Kxg5 28. Kd2 Na4 29. Ke3 e5 30. Rh7 Re8 31. Rf7 Nc5 32. f4+ exf4+ 33. Rxf4 Nd7 34. Rf2 Ne5 35. Rg2+ Kf6 36. Rf2+ Kg7 0-1


[Site "https://www.chess.com"]